 Dungeon Crawl Stone Soup version 0.23-a0-315-ga85b81c (webtiles) character file.

8519 KristoblXynda the Carver (level 11, -6/97 HPs)
             Began as a Pale Draconian Gladiator on Oct 13, 2018.
             Was a Priest of Cheibriados.
             Mangled by a very large slime creature (57 damage)
             ... on level 10 of the Dungeon.
             The game lasted 00:27:13 (10739 turns).

KristoblXynda the Carver (DrGl)                    Turns: 10739, Time: 00:27:13

Health: -6/97      AC: 13    Str: 24    XL:     11   Next: 11%
Magic:  13/13      EV: 19    Int: 19    God:    Cheibriados [***...]
Gold:   733        SH:  0    Dex: 19    Spells: 10/10 levels left

rFire    . . .     SeeInvis +   A - +1 long sword
rCold    . . .     Gourm    .   (no shield)
rNeg     . . .     Faith    .   (armour unavailable)
rPois    .         Spirit   .   b - +1 hat
rElec    .         Reflect  .   p - +0 cloak
rCorr    .         Harm     .   k - +2 pair of gloves
MR       .....                  (no boots)
Stlth    ++........             (no amulet)
HPRegen  0.26/turn              o - ring of see invisible
MPRegen  0.13/turn              q - +1 ring of protection

@: short of breath, very slow
A: breathe steam, unfitting armour, cold-blooded, AC +7
a: Breathe Steam, Bend Time, Temporal Distortion, Renounce Religion


You were on level 10 of the Dungeon.
You worshipped Cheibriados.
Cheibriados was most pleased with you.
You were not hungry.

You visited 2 branches of the dungeon, and saw 11 of its levels.
You also visited: Sewer.

You collected 763 gold pieces.
You spent 30 gold pieces at shops.

Inventory:

Hand Weapons
 A - a +1 long sword (weapon)
Missiles
 c - 4 throwing nets (quivered)
Armour
 b - a +1 hat (worn)
 k - a +2 pair of gloves (worn)
 p - a +0 cloak (worn)
Jewellery
 o - a ring of see invisible (left hand)
 q - a +1 ring of protection (right hand)
 u - a +3 ring of intelligence
Wands
 B - a wand of paralysis (12)
Scrolls
 e - 7 scrolls of teleportation
 f - 2 scrolls of enchant armour
 h - a scroll of immolation
 i - 6 scrolls of amnesia
 s - a scroll of holy word {unknown}
 t - a scroll of remove curse
 v - 2 scrolls of fear
 w - a scroll of fog
 x - a scroll of magic mapping {unknown}
 y - a scroll of enchant weapon
 C - a scroll of identify
Potions
 g - 2 potions of brilliance
 j - 3 potions of magic
 l - a potion of heal wounds
 m - 2 potions of curing
 n - a potion of cancellation {unknown}
 r - 2 potions of agility
 z - a potion of lignification
Comestibles
 a - 4 chunks of flesh
 d - 21 rations


   Skills:
 + Level 9.4 Fighting
 + Level 10.9 Long Blades
 - Level 4.1 Throwing
 + Level 9.0 Dodging
 + Level 3.8 Invocations
 - Level 0.5 Evocations


You had 10 spell levels left.
You didn't know any spells.
Your spell library was empty.

Dungeon Overview and Level Annotations

Branches:
Dungeon (10/15)            Temple (1/1) D:6            Lair (0/6) D:8
    Orc: D:9-12

Altars:
Ashenzari
Cheibriados
Dithmenos
Elyvilon
Fedhas
Gozag
Hepliaklqana
Kikubaaqudgha
Makhleb
Nemelex Xobeh
Okawaru
Qazlal
Ru
Sif Muna
Trog
Uskayaw
Vehumet
Wu Jian
Xom
Yredelemnul
Zin
The Shining One

Shops:
D:4 !   D:5 (

Annotations:
D:4 1 runed door, epen's ghost, amateur DEMo


Innate Abilities, Weirdness & Mutations

You can breathe blasts of scalding, opaque steam.
Your pale cyan-grey scales are hard. (AC +7)
You cannot fit into any form of body armour.
You are cold-blooded and may be slowed by cold attacks.


Message History

The large slime creature is severely wounded.
The slime creature is engulfed in a cloud of scalding steam.
Two slime creatures merge to form a very large slime creature.
You hit the very large slime creature.
The very large slime creature is heavily wounded.
Unknown command.
You slash the very large slime creature!
The very large slime creature is severely wounded.
The very large slime creature barely misses you.
Evoke which item? (* to show all) (? for menu, Esc to quit)
Aiming: Paralyse
Press: ? - help, Shift-Dir - straight line The very large slime creature easily resists.
The very large slime creature hits you!!
You slice the very large slime creature!!
You tail-slap the very large slime creature.
The very large slime creature is severely wounded.
The very large slime creature hits you!!!
Ouch! That really hurt!
You die...

#.############# .......#
.......# .......## ##
#......... .# )#.#.#.#.#.#.
.............### ######.
#.#.#.#.#.#.#..#####.......
................@J.........
.#.#.#.#.#.#.#.#####.......
...............## .......
#.#.#.#.#.#.#.#.# .......
................## .......
.#.#.#.#.#.#.#.#.#
...≈...J..
.................##
...≈≈.....
#.#.#.#.#.#.#.#.#.#
.JJ≈≈≈...
.................## .≈≈..#


You could see a very large slime creature.

Vanquished Creatures
  A two-headed ogre (D:8)
  Pikel (D:8)
  A queen bee (D:9)
  2 trolls
  A hippogriff (D:8)
  Sigmund (D:3)
  A yak (D:7)
  A wyvern (D:10)
  2 basilisks (D:8)
  Grum (D:8)
  An orc warrior (D:7)
  3 slaves (D:8)
  2 phantoms (D:4)
  An ice beast (D:10)
  4 sky beasts
  3 wolves (D:8)
  4 ogres
  A crocodile (D:8)
  5 centaurs
  A gnoll sergeant (D:10)
  8 big kobolds
  A bullfrog (D:7)
  2 scorpions
  A wyvern skeleton (D:7)
  19 killer bees
  13 wights
  3 howler monkeys (D:8)
  3 crimson imps
  3 jellies
  6 hounds
  2 quasits
  2 centaur zombies
  3 orc priests
  Crazy Yiuf (D:3)
  4 orc wizards
  2 centaur skeletons
  A bullfrog skeleton (D:3)
  5 iguanas
  10 worker ants
  Ijyb (D:4)
  A hound zombie (D:5)
  A hound skeleton (D:10)
  A worker ant zombie (D:8)
  10 gnolls
  A river rat (Sewer)
  14 adders
  2 shadow imps
  An ooze (Sewer)
  An adder zombie (D:6)
  An adder skeleton (D:9)
  4 worms
  6 dart slugs
  5 leopard geckos
  29 orcs
  3 giant cockroaches
  5 goblins
  5 hobgoblins
  18 jackals
  3 quokkas
  10 ball pythons
  5 bats
  8 frilled lizards
  A jackal skeleton (D:6)
  18 kobolds
  A leopard gecko zombie (D:5)
  2 quokka skeletons
  A quokka zombie (D:8)
  12 rats
296 creatures vanquished.

Vanquished Creatures (others)
  A slave (D:8)
  2 fungi (D:8)
  6 toadstools (D:7)
9 creatures vanquished.

Grand Total: 305 creatures vanquished

Notes
Turn   | Place    | Note
-------+----------+-------------------------------------------
     0 | D:1      | KristoblXynda the Draconian Gladiator began the quest for
                  | the Orb.
     0 | D:1      | Reached XP level 1. HP: 17/17 MP: 1/1
    70 | D:1      | Reached XP level 2. HP: 13/24 MP: 2/2
   704 | D:2      | Reached XP level 3. HP: 19/29 MP: 3/3
  1378 | D:2      | Reached XP level 4. HP: 36/36 MP: 4/4
  1774 | D:3      | Noticed Sigmund
  1830 | D:3      | Reached skill level 4 in Long Blades
  1882 | D:3      | Killed Sigmund
  1882 | D:3      | Reached XP level 5. HP: 3/41 MP: 5/5
  1882 | D:3      | Reached XP level 6. HP: 3/48 MP: 6/6
  2462 | D:3      | Found a runed door.
  2755 | D:3      | Noticed Crazy Yiuf
  2761 | D:3      | Killed Crazy Yiuf
  2969 | D:4      | Reached skill level 5 in Long Blades
  3159 | D:4      | Your scales start taking on a pale cyan-grey colour.
  3159 | D:4      | Reached XP level 7. HP: 41/56 MP: 7/7
  3239 | D:4      | Found a runed door.
  3244 | D:4      | Noticed epen's ghost (amateur DEMo)
  3509 | D:4      | Noticed Ijyb
  3522 | D:4      | Killed Ijyb
  3554 | D:4      | Reached skill level 5 in Dodging
  3650 | D:4      | Found Meg Uxob's Distillery.
  3655 | D:4      | Bought a potion of curing for 30 gold pieces
  3689 | D:5      | Entered Level 5 of the Dungeon
  3796 | D:5      | Reached skill level 6 in Long Blades
  3928 | D:5      | Found Pemas's Antique Weapon Shoppe.
  4010 | D:5      | Reached XP level 8. HP: 57/66 MP: 8/8
  4705 | D:6      | Found a staircase to the Ecumenical Temple.
  4728 | D:6      | Found a glowing drain.
  4771 | Sewer    | Entered a sewer
  4896 | Sewer    | Reached skill level 5 in Fighting
  5041 | Sewer    | Reached skill level 7 in Long Blades
  5821 | D:7      | Reached XP level 9. HP: 60/75 MP: 9/9
  5824 | D:7      | Found a hide-covered altar of Uskayaw.
  5952 | D:7      | HP: 1/77 [orc warrior/war axe (16)]
  6541 | D:7      | Reached skill level 8 in Long Blades
  7264 | D:8      | Noticed Grum
  7281 | D:8      | Killed Grum
  7287 | D:8      | Reached skill level 9 in Long Blades
  7292 | D:8      | Noticed a two-headed ogre
  7292 | D:8      | Noticed Pikel
  7301 | D:8      | Killed a two-headed ogre
  7301 | D:8      | Reached XP level 10. HP: 71/88 MP: 10/10
  7325 | D:8      | Killed Pikel
  7665 | Temple   | Entered the Ecumenical Temple
  7824 | Temple   | Became a worshipper of Cheibriados the Contemplative
  8028 | D:8      | Reached skill level 10 in Long Blades
  8751 | D:8      | Found a staircase to the Lair.
  9064 | D:9      | Reached skill level 1 in Invocations
  9071 | D:9      | Reached * piety under Cheibriados
  9657 | D:9      | Reached ** piety under Cheibriados
 10194 | D:10     | Entered Level 10 of the Dungeon
 10532 | D:10     | Reached *** piety under Cheibriados
 10532 | D:10     | Reached XP level 11. HP: 89/97 MP: 13/13
 10739 | D:10     | Mangled by a very large slime creature

Vault maps used:
D:1:      ncdulo_wetmaze
D:2:      first_ration, minmay_misc_feat_enclosed
D:3:      uniq_sigmund, uniq_crazy_yiuf_cottage
D:4:      ebering_ghost_reflecting_pool, serial_shops, nicolae_shop_crystal,
          kennysheep_generic_room_14, uniq_ijyb
D:5:      serial_shops, shop
D:6:      minmay_temple_entry_enclosed_plants, gup_sewer_entry_glass,
          chequers_serial_rivers_small_a
D:7:      eat_drink_and_be_merry_uskayaw, minmay_gold_behind_fungi
D:8:      david_lair_generic, uniq_grum, uniq_pikel
D:9:      david_nohive_1
D:10:     minmay_orc_entry_guard_dogs, hex_large
Temple:   roderic_octagonal_lattice_temple
Sewer:    sewer_co_tree

Skill      XL: |  1  2  3  4  5  6  7  8  9 10 11 |
---------------+----------------------------------+-----
Throwing       | 2 3 4 |  4.1
Dodging        | 3 4 5 6 7 8 9 |  9.0
Long Blades    | 4 5 6 7 9 10 | 10.9
Fighting       | 4 6 7 9 |  9.4
Invocations    | 3 |  3.8
Evocations     | |  0.5

Action                   |  1- 3 |  4- 6 |  7- 9 | 10-12 || total
-------------------------+-------+-------+-------+-------++-------
Melee: Long sword        |   119 |   129 |   520 |   370 ||  1138
       Tailslap          |    10 |    22 |    73 |    99 ||   204
Throw: Throwing net      |       |     1 |       |       ||     1
 Abil: Breathe Steam     |       |       |     6 |    11 ||    17
Evoke: Wand              |       |       |     4 |     1 ||     5
  Use: Scroll            |       |     5 |     6 |     4 ||    15
       Potion            |       |     1 |     2 |       ||     3
 Stab: Sleeping          |       |     1 |       |     2 ||     3
       Distracted        |       |       |       |     1 ||     1
  Eat: Chunk             |     2 |     2 |     8 |     5 ||    17
       Ration            |       |     1 |     2 |     2 ||     5
Armor: Skin              |    43 |    45 |   176 |   130 ||   394
Dodge: Dodged            |   113 |    78 |   420 |   349 ||   960
       Rpst.: Long sword |    37 |    29 |   113 |   107 ||   286

Table legend:
 A = Non-vault XP
 B = Vault XP
 C = Vault XP percentage of total XP
 D = Non-vault monster count
 E = Vault monster count
 F = Vault count percentage of total count
                 A         B        C        D         E       F
            +---------+---------+-------+---------+---------+-------
      Total |    7940 |    4230 |  34.8 |     235 |      58 |  19.8
            +---------+---------+-------+---------+---------+-------
        D:1 |      37 |       0 |   0.0 |      20 |       0 |   0.0
        D:2 |      81 |       0 |   0.0 |      24 |       0 |   0.0
        D:3 |     158 |     262 |  62.4 |      28 |       2 |   6.7
        D:4 |     510 |      37 |   6.8 |      17 |       2 |  10.5
        D:5 |     523 |       0 |   0.0 |      23 |       0 |   0.0
        D:6 |     338 |      26 |   7.1 |      17 |       2 |  10.5
        D:7 |    1414 |     216 |  13.3 |      27 |       1 |   3.6
        D:8 |    1894 |    1770 |  48.3 |      23 |       8 |  25.8
        D:9 |     790 |    1190 |  60.1 |      21 |      15 |  41.7
       D:10 |    2195 |       0 |   0.0 |      35 |       0 |   0.0
      Sewer |       0 |     729 | 100.0 |       0 |      28 | 100.0
            +---------+---------+-------+---------+---------+-------
